 Dungeon Crawl Stone Soup version 0.30.0-30-g96aa6591b8 (webtiles) character file.

Game seed: 10734579479470778462

177 qw the Chopper (level 5, -8/32 HPs)
             Began as a Gargoyle Fighter on June 29, 2023.
             Mangled by a gnoll
             ... wielding a +0 halberd
              (12 damage)
             ... on level 3 of the Dungeon.
             The game lasted 00:01:03 (1936 turns).

qw the Chopper (Gargoyle Fighter)                   Turns: 1936, Time: 00:01:03

Health: -8/32      AC: 15    Str: 22    XL:     5   Next: 57%
Magic:  5/5        EV:  6    Int:  8    God:
Gold:   126        SH:  4    Dex:  9    Spells: 4/4 levels left

rFire   . . .        Y - +0 war axe
rCold   . . .        c - +0 buckler
rNeg    + . .        b - +0 plate armour
rPois   inf          (no helmet)
rElec   +            (no cloak)
rCorr   .            (no gloves)
SInv    .            (no boots)
Will    .....        l - amulet of faith Stlth
                     (no ring)
HPRegen 0.25/turn    (no ring)
MPRegen 0.09/turn

%: faith
@: about to teleport
A: sickness immunity, AC +4, negative energy resistance 1, electricity
resistance, torment resistance 1, petrification resistance
a: no special abilities


You were on level 3 of the Dungeon.
You visited 1 branch of the dungeon, and saw 3 of its levels.

You collected 126 gold pieces.


Innate Abilities, Weirdness & Mutations

You are immune to sickness and miasma.
Your stone body is resilient. (AC +4)
You are immune to poison.
You resist negative energy. (rN+)
You are resistant to electric shocks. (rElec)
You are resistant to unholy torment.
You are immune to petrification.


   Skills:
 + Level 3.4 Fighting
 - Level 5.0 Axes
 - Level 3.2 Armour
 - Level 3.2 Shields


You had 4 spell levels left.
You didn't know any spells.
Your spell library was empty.

Inventory:

Hand Weapons
 a - a +4 flail
 Y - a +0 war axe (weapon)
Missiles
 i - a boomerang (quivered)
Armour
 b - a +0 plate armour (worn)
 c - a +0 buckler (worn)
Jewellery
 f - a +5 ring of evasion
 l - an amulet of faith (around neck)
Scrolls
 k - a scroll of identify
Potions
 d - 3 potions of might
 h - a potion of curing
 m - a potion of resistance {unknown}

Dungeon Overview and Level Annotations

Branches:
Dungeon (3/15)

Altars:
Zin

Shops:
D:3 :


Message History

1922 ||| Stepping ~*~*~tactically~*~*~ (hiding).
You start waiting.
A gnoll is nearby!
The gnoll hits you but does no damage.
You slash the gnoll!
The gnoll is severely wounded.
You block the gnoll's attack. The gnoll hits you but does no damage.
You hit the gnoll.
You kill the gnoll!
Your Axes skill increases to level 5!
A gnoll comes into view. It is wielding a +0 halberd.
The gnoll shouts!
You block the gnoll's attack.
The gnoll moves out of view.
Things that are here:
a +0 spear; a gnoll corpse The gnoll hits you with a +0 halberd.
You hit the gnoll.
The gnoll is moderately wounded.
The gnoll hits you with a +0 halberd.
You barely miss the gnoll.
The gnoll is moderately wounded.
The gnoll hits you from afar with a +0 halberd.
The gnoll barely misses you. x2; The gnoll hits you but does no damage.
You slash the gnoll!
You kill the gnoll!
The gnoll closely misses you. The gnoll hits you with a +0 halberd!
Things that are here:
a +0 halberd; a gnoll corpse
1934 ||| READING scroll of teleportation.
As you read the scroll of teleportation, it crumbles to dust.
You feel strangely unstable. The gnoll hits you with a +0 halberd.
You slash the gnoll!
The gnoll is almost dead.
You block the gnoll's attack.
You hit the gnoll but do no damage.
The gnoll is almost dead.
The gnoll hits you with a +0 halberd!
You die...

#..........#.#.####.#
#######.#.......#.#.####.#
...........##\##.....>##.#
...........######.#.#.##.#
######.#.<######.#......#
#.#..#....#.#......#
#.#..#....#.#.#.##.#
#.#..#..g..........#
#....).@#.#.#.#.####
........#.#....#.#..#
#######..#.##.#.#.#..#
.........#.######.#..####.#.
.##
####.............#...........
...
............####.#....####.##
#... #...#.).#.# #.#.## ...
#...#.###.# #.#.#####.## ...
#...#.# #.# #.#%).......


You could see a gnoll.

Vanquished Creatures
  An orc priest (D:3)
  An orc wizard (D:3)
  4 adders
  3 gnolls (D:3)
  3 dart slugs
  3 orcs (D:3)
  3 bats (D:1)
  4 endoplasms
  5 goblins
  4 hobgoblins
  A quokka (D:2)
  5 ball pythons
  4 frilled lizards
  3 kobolds
  9 rats
53 creatures vanquished.

Notes
Turn   | Place    | Note
-------+----------+-------------------------------------------
     0 | D:1      | qw the Gargoyle Fighter began the quest for the Orb.
     0 | D:1      | Reached XP level 1. HP: 14/14 MP: 1/1
     0 | D:1      | 0 ||| qw: Version: 0.3-a-24-g62f9e04
     0 | D:1      | 0 ||| qw: Game counter: 1534
     0 | D:1      | 0 ||| qw: Melee chars always use a shield: true
     0 | D:1      | 0 ||| qw: God list: Okawaru
     0 | D:1      | 0 ||| qw: Allow faded altars: false
     0 | D:1      | 0 ||| qw: Do Orc after clearing Dungeon:15 true
     0 | D:1      | 0 ||| qw: Do second Lair branch before Depths: true
     0 | D:1      | 0 ||| qw: Lair rune preference: random
     0 | D:1      | 0 ||| qw: Goals: Normal, Zot:1-4, Slime:5, God:TSO, Crypt,
                  | Tomb, Abyss, Pan, Hells, Win
     0 | D:1      | 0 ||| PLANNING D:1-11
    34 | D:1      | Reached skill level 2 in Axes
    37 | D:1      | 37 ||| Stepping ~*~*~tactically~*~*~ (stealth).
    39 | D:1      | 39 ||| Stepping ~*~*~tactically~*~*~ (stealth).
   143 | D:1      | Reached XP level 2. HP: 19/19 MP: 2/2
   151 | D:1      | 151 ||| Stepping ~*~*~tactically~*~*~ (hiding).
   394 | D:1      | Reached skill level 3 in Axes
   406 | D:1      | Reached XP level 3. HP: 23/23 MP: 3/3
   643 | D:1      | 643 ||| UPGRADING to +0 chain mail.
   653 | D:1      | 653 ||| DROPPING +0 scale mail.
   654 | D:1      | 654 ||| READING scroll labelled TOGUAZEA ZUVAO.
   655 | D:1      | 655 ||| READING scroll labelled OVVUATHR JONU.
  1017 | D:2      | Reached XP level 4. HP: 28/28 MP: 4/4
  1196 | D:2      | Reached skill level 4 in Axes
  1296 | D:2      | Found a glowing silver altar of Zin.
  1498 | D:2      | 1498 ||| DROPPING +1 ring mail of cold resistance.
  1499 | D:2      | 1499 ||| UPGRADING to +0 plate armour.
  1509 | D:2      | 1509 ||| DROPPING +0 chain mail.
  1510 | D:2      | 1510 ||| UPGRADING to amulet of faith.
  1515 | D:2      | 1515 ||| READING scroll labelled QIBARHETOADA.
  1516 | D:2      | 1516 ||| READING scroll labelled QIDENI IMOZE.
  1521 | D:2      | 1521 ||| READING 2 scrolls of identify.
  1521 | D:2      | 1521 ||| IDENTIFYING black potion
  1551 | D:3      | Found Ilabeyq's Book Emporium.
  1590 | D:3      | 1590 ||| Stepping ~*~*~tactically~*~*~ (hiding).
  1682 | D:3      | 1682 ||| Stepping ~*~*~tactically~*~*~ (stealth).
  1698 | D:3      | HP: 7/28 [something (3)]
  1702 | D:3      | Reached XP level 5. HP: 9/32 MP: 5/5
  1705 | D:3      | HP: 7/32 [something (3)]
  1708 | D:3      | HP: 3/32 [something (3)]
  1724 | D:3      | HP: 5/32 [something (2)]
  1832 | D:3      | 1832 ||| DROPPING +1 whip of flaming.
  1918 | D:3      | 1918 ||| Stepping ~*~*~tactically~*~*~ (stealth).
  1920 | D:3      | 1920 ||| Stepping ~*~*~tactically~*~*~ (hiding).
  1922 | D:3      | 1922 ||| Stepping ~*~*~tactically~*~*~ (hiding).
  1928 | D:3      | Reached skill level 5 in Axes
  1933 | D:3      | HP: 7/32 [gnoll/+0 halberd (10)]
  1934 | D:3      | 1934 ||| READING scroll of teleportation.
  1934 | D:3      | HP: 3/32 [gnoll/+0 halberd (4)]
  1936 | D:3      | Mangled by a gnoll

Levels and vault maps discovered:
D:1:      dpeg_arrival_ratfight, layout_rooms
D:2:      layout_basic, basic_altar, kennysheep_generic_room_6
D:3:      layout_basic, serial_shops, nicolae_shop_just_a_little_nook,
          nicolae_shop_tiny_real_fake_doors

Skill      XL: |  1  2  3  4  5 |
---------------+----------------+-----
Axes           | 2 3 4 5 |  5.0
Fighting       | |  3.4
Armour         | |  3.2
Shields        | |  3.2

Action                     |  1- 3 |  4- 6 || total
---------------------------+-------+-------++-------
  Melee: War axe           |    82 |    77 ||   159
  Throw: Boomerang         |    33 |    12 ||    45
    Use: Scroll            |     2 |     4 ||     6
 Armour: Scale mail        |    27 |       ||    27
         Chain mail        |    17 |     6 ||    23
         Plate armour      |       |    56 ||    56
  Dodge: Dodged            |    36 |    12 ||    48
  Block: Buckler           |    11 |    18 ||    29

Table legend:
 A = Non-vault XP
 B = Vault XP
 C = Vault XP percentage of total XP
 D = Non-vault monster count
 E = Vault monster count
 F = Vault count percentage of total count
                 A         B        C        D         E       F
            +---------+---------+-------+---------+---------+-------
      Total |     235 |      19 |   7.5 |      46 |       7 |  13.2
            +---------+---------+-------+---------+---------+-------
        D:1 |      37 |       5 |  11.9 |      22 |       5 |  18.5
        D:2 |      46 |      14 |  23.3 |      12 |       2 |  14.3
        D:3 |     152 |       0 |   0.0 |      12 |       0 |   0.0
            +---------+---------+-------+---------+---------+-------
